 Dungeon Crawl Stone Soup version 0.28.0-53-g5a82cb258f (webtiles) character file.

Game seed: 8973204765906513457

594 DocClef the Firebug (level 7, 0/51 HPs)
             Began as a Gnoll Fire Elementalist on July 15, 2022.
             Was an Initiate of Vehumet.
             Succumbed to an orc wizard's poison
             ... on level 6 of the Dungeon.
             The game lasted 00:05:15 (3566 turns).

DocClef the Firebug (Gnoll Fire Elementalist)       Turns: 3566, Time: 00:05:16

Health: 0/51       AC:  4    Str:  8    XL:     7   Next: 39%
Magic:  11/15      EV: 13    Int: 16    God:    Vehumet [......]
Gold:   121        SH:  0    Dex: 12    Spells: 9/17 levels left

rFire   . . .      SeeInvis .   n - +0 dagger (elec)
rCold   + . .      Faith    .   (no shield)
rNeg    . . .      Spirit   .   a - +0 robe
rPois   .          Reflect  .   e - +0 helmet
rElec   .          Harm     .   (no cloak)
rCorr   .          Rampage  .   p - +0 pair of gloves
Will    .....                   (no boots)
Stlth   +++.......              i - amulet of magic regeneration
HPRegen 0.17/turn               j - ring of protection from cold
MPRegen 0.54/turn               (no ring)

@: lethally poisoned (0 -> -9), very slightly contaminated
A: fangs 1, strong nose, distributed training
a: Renounce Religion


You were on level 6 of the Dungeon.
You worshipped Vehumet.
Vehumet was noncommittal.
You visited 1 branch of the dungeon, and saw 4 of its levels.

You collected 121 gold pieces.

Inventory:

Hand Weapons
 f - a +0 dagger
 n - a +0 dagger of electrocution (weapon)
Armour
 a - a +0 robe (worn)
 e - a +0 helmet (worn)
 p - a +0 pair of gloves (worn)
Jewellery
 d - an amulet of guardian spirit
 i - an amulet of magic regeneration (around neck)
 j - a ring of protection from cold (left hand)
Wands
 q - a wand of flame (16)
Scrolls
 b - a scroll of immolation {unknown}
 c - 2 scrolls of holy word {unknown}
 k - 3 scrolls of teleportation {unknown}
 l - 3 scrolls of identify {unknown}
 m - a scroll of enchant weapon {unknown}
 o - a scroll of fear {unknown}


   Skills:
 + Level 2.4 Fighting
 + Level 2.4 Short Blades
 + Level 2.4 Long Blades
 + Level 2.4 Axes
 + Level 2.4 Maces & Flails
 + Level 2.4 Polearms
 + Level 2.4 Staves
 + Level 2.4 Slings
 + Level 2.4 Bows
 + Level 2.4 Crossbows
 + Level 2.4 Throwing
 + Level 2.4 Armour
 + Level 5.2 Dodging
 + Level 4.9 Stealth
 + Level 2.4 Shields
 + Level 2.4 Unarmed Combat
 + Level 5.6 Spellcasting
 + Level 3.0 Conjurations
 + Level 2.0 Hexes
 + Level 2.0 Summonings
 + Level 2.0 Necromancy
 + Level 2.0 Translocations
 + Level 2.0 Transmutations
 + Level 5.8 Fire Magic
 + Level 2.0 Ice Magic
 + Level 2.0 Air Magic
 + Level 2.0 Earth Magic
 + Level 2.0 Poison Magic
 + Level 2.7 Invocations
 + Level 2.4 Evocations


You had 9 spell levels left.
You knew the following spells:

 Your Spells              Type           Power      Damage    Failure   Level
a - Foxfire               Conj/Fire      72%        2x1d7     2%          1
b - Blink                 Tloc           22%        N/A       10%         2
c - Scorch                Fire           46%        2d7       1%          2
d - Conjure Flame         Conj/Fire      18%        6-21      7%          3

Your spell library contained the following spells:

 Spells                   Type           Power      Damage    Failure   Level
 Apportation              Tloc           22%        N/A       6%          1
 Inner Flame              Hex/Fire       17%        N/A       9%          3
 Lesser Beckoning         Tloc           11%        N/A       19%         3
 Flame Wave               Conj/Fire      18%        2d6       24%         4
 Alistair's Intoxication  Tmut/Pois      7%         N/A       86%         5
 Manifold Assault         Tloc           11%        N/A       86%         5


Dungeon Overview and Level Annotations

Branches:
Dungeon (3/15)

Altars:
Ru
Vehumet
Wu Jian


Innate Abilities, Weirdness & Mutations

You have very sharp teeth.
Your uncanny sense of smell can sniff out nearby items.
Your experience applies equally to all skills.


Message History

Something smothers the flame.
You are too injured to fight recklessly!
Casting: Conjure Flame (dangerous; 7% risk of failure)
Confirm with . or Enter, or press ? or * to list all spells.
You miscast Blink.
You are very lightly contaminated with residual magic.
Nothing appears to happen.
You hear some strange, mumbled words.
A magic dart appears from out of thin air!
The magic dart hits you!
* * * LOW HITPOINT WARNING * * *
Casting: Blink (safe; 10% risk of failure)
Confirm with . or Enter, or press ? or * to list all spells.
Flames lash something but do no damage.
Something hits you.
* * * LOW HITPOINT WARNING * * *
You are poisoned.
Casting: Scorch (safe; 1% risk of failure)
Confirm with . or Enter, or press ? or * to list all spells.
Flames lash something.
* * * LOW HITPOINT WARNING * * *
You feel sick.
An orc wizard appears from thin air!
Reactivating autopickup.
The orc wizard hits you with a +1 dagger of venom.
* * * LOW HITPOINT WARNING * * *
You are more poisoned.
You feel better.
The orc wizard hits you with a +1 dagger of venom.
* * * LOW HITPOINT WARNING * * *
You are lethally poisoned!
Unknown command.
You hit the orc wizard but do no damage.
The orc wizard is moderately wounded.
* * * LOW HITPOINT WARNING * * *
You feel very sick. The orc wizard casts a spell at you.
The magic dart hits you.
* * * LOW HITPOINT WARNING * * *
You closely miss the orc wizard.
The orc wizard is moderately wounded.
You die...

........# ..# ..#
#..)$. #...
...#####..#### .#.#
........)...####...#
.................#
..#.###.#####.##.#
...# #.# #..#<# #
#.# #.# ##...# ###
#.# #@# #ยง# ##..#
..# #.#
#o###.########.# ..#
#.#
#..............##
..# #.#
#####...........##
..######.#
#.............
......##.#
#..._......###
..###....####
#....)....##
............#
#.........#
#.######.#..#
#.........# >


You could see an orc wizard (combustible).

Vanquished Creatures
  A water moccasin (D:6)
  An ogre (D:6)
  A centaur (D:6)
  A bullfrog zombie (D:6)
  2 orc priests (D:3)
  A hound (D:6)
  An iguana (D:6)
  2 orc wizards (D:6)
  4 adders
  2 shadow imps
  2 white imps (D:6)
  3 worms
  A dart slug (D:2)
  3 orcs (D:3)
  5 ball pythons
  5 bats
  2 endoplasms
  2 giant cockroaches
  8 goblins
  6 hobgoblins
  A quokka (D:2)
  4 frilled lizards
  6 kobolds
  6 rats
70 creatures vanquished.

Vanquished Creatures (others)
  302 foxfires
302 creatures vanquished.

Grand Total: 372 creatures vanquished

Notes
Turn   | Place    | Note
-------+----------+-------------------------------------------
     0 | D:1      | DocClef the Gnoll Fire Elementalist began the quest for the
                  | Orb.
     0 | D:1      | Reached XP level 1. HP: 13/13 MP: 6/6
   321 | D:1      | Reached XP level 2. HP: 19/19 MP: 4/7
  1361 | D:2      | Reached skill level 5 in Spellcasting
  1361 | D:2      | Reached XP level 3. HP: 22/25 MP: 6/9
  1441 | D:2      | Reached skill level 1 in Invocations
  1842 | D:2      | Reached skill level 1 in Fighting
  1842 | D:2      | Reached skill level 1 in Short Blades
  1842 | D:2      | Reached skill level 1 in Long Blades
  1842 | D:2      | Reached skill level 1 in Axes
  1842 | D:2      | Reached skill level 1 in Maces & Flails
  1842 | D:2      | Reached skill level 1 in Polearms
  1842 | D:2      | Reached skill level 1 in Staves
  1842 | D:2      | Reached skill level 1 in Slings
  1842 | D:2      | Reached skill level 1 in Bows
  1842 | D:2      | Reached skill level 1 in Crossbows
  1842 | D:2      | Reached skill level 1 in Throwing
  1842 | D:2      | Reached skill level 1 in Armour
  1842 | D:2      | Reached skill level 1 in Shields
  1842 | D:2      | Reached skill level 1 in Unarmed Combat
  1842 | D:2      | Reached skill level 1 in Evocations
  1997 | D:2      | Reached XP level 4. HP: 26/32 MP: 11/11
  2319 | D:2      | Found a faded altar of an unknown god.
  2436 | D:2      | Learned a level 2 spell: Blink
  2439 | D:2      | Learned a level 2 spell: Scorch
  2443 | D:2      | Learned a level 3 spell: Conjure Flame
  2497 | D:3      | Reached skill level 1 in Hexes
  2497 | D:3      | Reached skill level 1 in Summonings
  2497 | D:3      | Reached skill level 1 in Necromancy
  2497 | D:3      | Reached skill level 1 in Translocations
  2497 | D:3      | Reached skill level 1 in Transmutations
  2497 | D:3      | Reached skill level 1 in Ice Magic
  2497 | D:3      | Reached skill level 1 in Air Magic
  2497 | D:3      | Reached skill level 1 in Earth Magic
  2497 | D:3      | Reached skill level 1 in Poison Magic
  2503 | D:3      | Reached XP level 5. HP: 31/37 MP: 6/12
  3028 | D:3      | Found an ornate altar of the Wu Jian Council.
  3235 | D:3      | You fall into a shaft and drop 3 floors!
  3241 | D:6      | Found a radiant altar of Vehumet.
  3267 | D:6      | Became a worshipper of Vehumet
  3342 | D:6      | Noticed a water moccasin
  3350 | D:6      | Killed a water moccasin
  3351 | D:6      | Reached skill level 5 in Dodging
  3351 | D:6      | Reached XP level 6. HP: 44/44 MP: 9/14
  3481 | D:6      | Found a sacrificial altar of Ru.
  3491 | D:6      | Reached XP level 7. HP: 50/50 MP: 11/15
  3565 | D:6      | HP: 2/51 [orc wizard/magic dart (5)]
  3566 | D:6      | Succumbed to an orc wizard's poison

Illustrated notes

Levels and vault maps discovered:
D:1:      beargit_arrival_greenhouse, layout_basic, minivault_4
D:2:      layout_loops_corners, chequers_ecumenical_altar_simple
D:3:      layout_basic, mainiacjoe_overflow_brackets
D:6:      minmay_flawed_box, layout_rooms, vehumet_altar_wand_db,
          lemuel_crystal_altar, okawaru_altar_gauntlet_db,
          overflow_temple_1_default, nicolae_uskayaw_en_pointe

Skill      XL: |  1  2  3  4  5  6  7 |
---------------+----------------------+-----
Conjurations   | 2 3 |  3.0
Spellcasting   | 5 |  5.6
Invocations    | 1 2 |  2.7
Fighting       | 1 2 |  2.4
Short Blades   | 1 2 |  2.4
Long Blades    | 1 2 |  2.4
Axes           | 1 2 |  2.4
Maces & Flails | 1 2 |  2.4
Polearms       | 1 2 |  2.4
Staves         | 1 2 |  2.4
Slings         | 1 2 |  2.4
Bows           | 1 2 |  2.4
Crossbows      | 1 2 |  2.4
Throwing       | 1 2 |  2.4
Armour         | 1 2 |  2.4
Shields        | 1 2 |  2.4
Unarmed Combat | 1 2 |  2.4
Evocations     | 1 2 |  2.4
Hexes          | 1 2 |  2.0
Summonings     | 1 2 |  2.0
Necromancy     | 1 2 |  2.0
Translocations | 1 2 |  2.0
Transmutations | 1 2 |  2.0
Ice Magic      | 1 2 |  2.0
Air Magic      | 1 2 |  2.0
Earth Magic    | 1 2 |  2.0
Poison Magic   | 1 2 |  2.0
Dodging        | 5 |  5.2
Stealth        | |  4.9
Fire Magic     | |  5.8

Action                   |  1- 3 |  4- 6 |  7- 9 || total
-------------------------+-------+-------+-------++-------
Melee: Dagger            |    41 |    24 |     3 ||    68
       Bite              |     4 |     2 |       ||     6
       Punch             |     1 |     1 |       ||     2
 Cast: Foxfire           |    60 |   108 |    16 ||   184
       Scorch            |       |       |     2 ||     2
       Conjure Flame     |       |       |     1 ||     1
       Blink             |       |       |     1 ||     1
  Use: Potion            |       |       |     4 ||     4
 Stab: Sleeping          |     4 |     2 |       ||     6
Armor: Robe              |    12 |     5 |     2 ||    19
Dodge: Dodged            |    28 |     9 |     3 ||    40
